 Dungeon Crawl Stone Soup version 0.17-a0-18-gc25b939 (webtiles) character file.

126 Chiseanne the Sneak (level 5, -2/34 HPs)
             Began as an Octopode Artificer on Mar 12, 2015.
             Slain by an orc wizard
             ... wielding a +0 dagger
              (3 damage)
             ... on level 3 of the Dungeon.
             The game lasted 00:05:40 (2845 turns).

Chiseanne the Sneak (Octopode Artificer)            Turns: 2845, Time: 00:05:40

Health: -2/34      AC:  1    Str: 12    XL:     5   Next: 9%
Magic:  7/7        EV: 14    Int: 19    God:
Gold:   128        SH:  0    Dex: 15    Spells: 0 memorised, 4 levels left

rFire  . . .     SeeInvis .     a - +0 short sword
rCold  . . .     Clarity  .     (no shield)
rNeg   . . .     SustAb   .     (helmet restricted)
rPois  .         Gourm    .     (no amulet)
rElec  .         Spirit   .     m - ring of flight
rCorr  .         Warding  .     w - +3 ring of dexterity
rMut   .         Stasis   .     (no ring)
MR     .....                    (no ring)
Stlth  ++++......               (no ring)
                                (no ring)
                                (no ring)
                                (no ring)

@: brilliant, not resistant to hostile enchantments, stealthy
A: almost no armour, amphibious, 8 rings, constrict 8, camouflage 1, gelatinous
body 1
a: Evoke Flight


You were on level 3 of the Dungeon.
You were hungry.

You visited 1 branch of the dungeon, and saw 3 of its levels.

You collected 128 gold pieces.

Inventory:

Hand weapons
 a - a +0 short sword (weapon)
 x - a +1 whip of venom
Missiles
 e - 25 bolts
 u - 38 arrows
Jewellery
 m - a ring of flight (left tentacle)
 w - a +3 ring of dexterity (right tentacle)
Magical devices
 b - a wand of flame (15)
 c - a wand of enslavement (24)
 d - a wand of random effects (15)
Potions
 g - a potion of resistance {unknown}
 j - a potion of lignification {unknown}
 n - a potion of magic {unknown}
 o - a potion of brilliance
 t - a potion of degeneration {unknown}
Comestibles
 f - 2 bread rations
 h - 2 beef jerkies
 i - a slice of pizza
 p - a meat ration


   Skills:
 * Level 2.2 Fighting
 - Level 1.0 Short Blades
 * Level 3.7 Dodging
 * Level 4.1 Stealth
 - Level 3.2 Evocations


You had 4 spell levels left.
You didn't know any spells.

Dungeon Overview and Level Annotations

Branches:
Dungeon (3/15)

Altars:
Fedhas

Annotations:
D:2 exclusion: oklob plant
D:3 Grinder


Innate Abilities, Weirdness & Mutations

You cannot wear most types of armour.
You are amphibious.
You can wear up to eight rings at the same time.
You can use your tentacles to constrict many enemies at once.
Your skin changes colour to match your surroundings (Stealth).
Your rubbery body absorbs attacks (AC +1).


Message History

The orc wizard hits you with a dagger.
* * * LOW HITPOINT WARNING * * *
The bat skeleton misses you. The water moccasin zombie bites you.
* * * LOW HITPOINT WARNING * * *
Drink which item? (? for menu, Esc to quit)
You feel better. The bat skeleton barely misses you.
The bat skeleton misses you. The orc wizard hits you with a dagger.
* * * LOW HITPOINT WARNING * * *
The water moccasin zombie bites you.
* * * LOW HITPOINT WARNING * * *
The bat skeleton barely misses you.
Drink which item? (? for menu, Esc to quit)
It was a potion of brilliance.
You feel clever all of a sudden. The bat skeleton hits you.
* * * LOW HITPOINT WARNING * * *
The bat skeleton hits you.
* * * LOW HITPOINT WARNING * * *
The worker ant zombie misses you. The orc wizard hits you with a dagger.
You die...

§§§§P§.. r #....... ..
##....... .... #........
.....##......## ###
...........).# ##§§#
#..#....oo....##.§§§§.
.#..##.ZZo.........§§§Z
...<......@ZZ......§§§§§§
#.......####.#.##..§§§.§Z
##..≈.≈≈.####......#.#.§§
#..≈≈≈≈≈..##.......#....§
#....≈≈≈.....#.....###.###
###...≈≈≈≈.................5
#....P..P................###
#........###..#......[#....
#.........>...##...........


You could see an orc wizard, 2 orcs, a water moccasin zombie, a jackal zombie, a
worker ant zombie, a rat (sleeping) and a bat skeleton.

Vanquished Creatures
  An orc priest (D:3)
  A worker ant zombie (D:3)
  3 adders (D:2)
  A giant mite (D:2)
  A worm (D:2)
  3 giant geckos (D:2)
  2 giant cockroaches (D:1)
  5 goblins
  5 hobgoblins
  6 jackals
  3 ball pythons (D:1)
  4 bats
  A giant newt (D:3)
  5 kobolds
  6 rats (D:2)
47 creatures vanquished.

Notes
Turn   | Place    | Note
--------------------------------------------------------------
     0 | D:1      | Chiseanne, the Octopode Artificer, began the quest for the Orb.
     0 | D:1      | Reached XP level 1. HP: 13/13 MP: 1/1
   604 | D:1      | Reached XP level 2. HP: 16/18 MP: 3/3
  1593 | D:1      | Reached XP level 3. HP: 24/24 MP: 4/4
  1742 | D:2      | Found a blossoming altar of Fedhas.
  1758 | D:2      | Noticed an oklob plant
  1893 | D:2      | Reached XP level 4. HP: 22/29 MP: 6/6
  2823 | D:3      | Noticed Grinder
  2836 | D:3      | Reached skill level 4 in Stealth
  2836 | D:3      | Reached XP level 5. HP: 12/34 MP: 7/7
  2845 | D:3      | HP: 1/34 [bat skeleton (1)]
  2845 | D:3      | Slain by an orc wizard

Action                   |  1- 3 |  4- 6 || total
-------------------------+-------+-------++-------
Melee: Short sword       |    65 |    33 ||    98
  Use: Scroll            |       |     5 ||     5
       Potion            |       |     3 ||     3
 Stab: Distracted        |     1 |       ||     1
       Sleeping          |     5 |     2 ||     7
  Eat: Chunk             |     3 |     2 ||     5
